 Dungeon Sprint DCSS version 0.21-a0-426-g98080a9 (webtiles) character file.

5042 Kidiri the Fighter (level 10, 0/96 HPs)
             Began as a Black Draconian Transmuter on Nov 6, 2017.
             Was a High Priest of Sif Muna.
             Slain by a wight
             ... wielding a +0 spear
              (4 damage)
             ... in the Dungeon (Sprint VII: "The Pits").
             The game lasted 00:06:31 (1735 turns).

Kidiri the Fighter (Black Draconian Transmuter)     Turns: 1735, Time: 00:06:32

Health: 0/96       AC:  7    Str: 17    XL:     10   Next: 30%
Magic:  18/20      EV: 19    Int: 13    God:    Sif Muna [*****.]
Gold:   0          SH:  0    Dex: 14    Spells: 8/23 levels left

rFire    . . .     SeeInvis .     - Unarmed
rCold    . . .     Gourm    .   (shield currently unavailable)
rNeg     . . .     Faith    .   (armour unavailable)
rPois    .         Spirit   .   (helmet restricted)
rElec    +         Reflect  .   (no cloak)
rCorr    .         Harm     .   (gloves currently unavailable)
MR       .....     NoTele   +   (no boots)
Stlth    +++.......             (no amulet)
HPRegen  0.26/turn              s - +3 ring of evasion
MPRegen  0.17/turn              t - +3 ring of strength

@: blade hands (expiring), slowed, heavily drained, very slow
A: breathe lightning, unfitting armour, electricity resistance, cold-blooded, AC
+7
a: Breathe Lightning, End Transformation, Divine Energy, Channel Magic, Forget
Spell, Renounce Religion


You were in the Dungeon.
You worshipped Sif Muna.
Sif Muna was extremely pleased with you.
You were very hungry.
You had blades for hands.
You visited 1 branch

Inventory:

Missiles
 a - 22 arrows
 r - 5 javelins (quivered)
Armour
 w - a +0 pair of gloves (melded)
Jewellery
 s - a +3 ring of evasion (left scythe-like blade)
 t - a +3 ring of strength (right scythe-like blade)
Scrolls
 i - a scroll of blinking
 k - 3 scrolls of remove curse
 l - 5 scrolls of amnesia
 m - a scroll of summoning
Potions
 d - 7 potions of curing
 e - 6 potions of heal wounds
 f - 2 potions of haste
 g - 4 potions of magic
 h - 4 potions of berserk rage
 j - 2 potions of invisibility
 u - a potion of might
 v - a potion of agility
Books
 p - Kiopamaopn's Incunabulum of Blows and Bruises
   (Sif Muna gifted it to you in the Dungeon)

   Spells                             Type                      Level
   a - Iskenderun's Mystic Blast      Conjuration                  4
   b - Irradiate                      Conjuration/Transmutation    5
   c - Freezing Cloud                 Conjuration/Ice/Air          6
   d - Spellforged Servitor           Conjuration/Summoning        7
Comestibles
 c - 7 bread rations
 n - 40 fruits
 o - 7 meat rations


   Skills:
 * Level 11.2(8.8) Fighting
 * Level 9.7(7.4) Dodging
 + Level 7.3(5.1) Stealth
 * Level 10.8(8.4) Unarmed Combat
 + Level 7.1(5.0) Spellcasting
 * Level 10.5(8.2) Transmutations
 + Level 6.4(4.2) Ice Magic
 + Level 6.4(4.3) Poison Magic


You had 8 spell levels left.
You knew the following spells:

 Your Spells              Type           Power        Failure   Level  Hunger
a - Beastly Appendage     Tmut           ###...       13%         1    None
b - Sticks to Snakes      Tmut           ###.....     14%         2    ##.....
c - Spider Form           Tmut/Pois      ###.......   30%         3    ###....
d - Ice Form              Ice/Tmut       ###.....     54%         4    ####...
e - Blade Hands           Tmut           ###.......   58%         5    ######.


Dungeon Overview and Level Annotations

Branches:
Dungeon (1/1)

Altars:
Ashenzari
Cheibriados
Dithmenos
Elyvilon
Fedhas
Gozag
Hepliaklqana
Kikubaaqudgha
Makhleb
Nemelex Xobeh
Okawaru
Qazlal
Ru
Sif Muna
Trog
Uskayaw
Vehumet
Wu Jian
Xom
Yredelemnul
Zin
The Shining One
Beogh
Jiyva
Lugonu

Annotations:
D exclusions: 8 doors and 4 more exclusions


Innate Abilities, Weirdness & Mutations

You can breathe wild blasts of lightning.
Your glossy black scales are hard. (AC +7)
You cannot fit into any form of body armour.
You are resistant to electric shocks. (rElec)
You are cold-blooded and may be slowed by cold attacks.


Message History

The molten gargoyle hits you but does no damage.
Unknown command.
You hit the molten gargoyle but do no damage.
The molten gargoyle is lightly damaged.
Your water moccasin barely misses the molten gargoyle.
Your ball python bites the wight.
Your ball python constricts the wight.
The wight misses you.
Your water moccasin bites the molten gargoyle!
The molten gargoyle blasts magma at you!
The bolt of magma hits you!
* * * LOW HITPOINT WARNING * * *
Your ball python bites the wight but does no damage.
Your ball python constricts the wight.
The gnoll misses you.
You hit the molten gargoyle.
The molten gargoyle is moderately damaged.
Your water moccasin bites the molten gargoyle but does no damage.
The wight hits you from afar with a spear!
* * * LOW HITPOINT WARNING * * *
You feel drained.
You die...

.#))##.......##..........#
.#[[##.......##)...).....+
.#+###...<...##..#####...#
....##.......##..'[..#
....
....##.......##..#...#.. .
######.......##..#...#.#
.#..###########..#####.+
.#.############.g......#
.#)#....#..[[##)@9.%...#
.#+#....#..[.###S###...#
.#)+)...+..))#


zS. +...# .#+#....#..))##....#...... .+.#....#..))##....#.......o
############################ You could see a molten gargoyle, a wight, a gnoll,
a friendly water moccasin and a friendly ball python.

Vanquished Creatures
  Erolcha (D)
  2 death yaks (D)
  Urug (D)
  A hellwing (D)
  A guardian mummy (D)
  A bog body (D)
  A wyvern (D)
  3 yaks (D)
  A hungry ghost (D)
  A warg (D)
  2 vampire mosquitoes (D)
  2 floating eyes (D)
  An ice beast (D)
  A phantom (D)
  A centaur (D)
  A big kobold (D)
  4 wights (D)
  4 orc wizards (D)
  A worker ant (D)
  A mummy (D)
  2 gnolls (D)
  An ooze (D)
  4 orcs (D)
  3 ball pythons (D)
  2 bat skeletons (D)
  A giant cockroach (D)
  4 jackals (D)
  3 rats (D)
51 creatures vanquished.

Notes
Turn   | Place    | Note
-------+----------+-------------------------------------------
     0 | D        | Kidiri the Draconian Transmuter began the quest for the Orb.
     0 | D        | Reached XP level 1. HP: 16/16 MP: 3/3
    57 | D        | Found a bloodstained altar of Trog.
    57 | D        | Found a deep blue altar of Sif Muna.
    57 | D        | Found a viscous altar of Jiyva.
    57 | D        | Found a hazy altar of Hepliaklqana.
    57 | D        | Found an opulent altar of Gozag.
    58 | D        | Found a glowing golden altar of the Shining One.
    58 | D        | Found a glowing silver altar of Zin.
    58 | D        | Found a basalt altar of Yredelemnul.
    58 | D        | Found a shimmering altar of Xom.
    58 | D        | Found an ornate altar of the Wu Jian Council.
    58 | D        | Found a sacrificial altar of Ru.
    58 | D        | Found a stormy altar of Qazlal.
    58 | D        | Found an iron altar of Okawaru.
    58 | D        | Found a sparkling altar of Nemelex Xobeh.
    58 | D        | Found a burning altar of Makhleb.
    58 | D        | Found a blossoming altar of Fedhas.
    58 | D        | Found a white marble altar of Elyvilon.
    58 | D        | Found a shadowy altar of Dithmenos.
    58 | D        | Found a snail-covered altar of Cheibriados.
    61 | D        | Found a corrupted altar of Lugonu.
    61 | D        | Found a radiant altar of Vehumet.
    61 | D        | Found a roughly hewn altar of Beogh.
    62 | D        | Found an ancient bone altar of Kikubaaqudgha.
    62 | D        | Found a hide-covered altar of Uskayaw.
    62 | D        | Found a shattered altar of Ashenzari.
    63 | D        | Became a worshipper of Sif Muna the Loreminder
    90 | D        | Noticed a floating eye
    90 | D        | Noticed a floating eye
    97 | D        | Killed a floating eye
    97 | D        | Reached skill level 4 in Fighting
    97 | D        | Reached XP level 2. HP: 28/28 MP: 3/6
    97 | D        | Reached XP level 3. HP: 34/34 MP: 3/7
    97 | D        | Reached XP level 4. HP: 41/41 MP: 3/8
   100 | D        | Killed a floating eye
   100 | D        | Reached * piety under Sif Muna
   100 | D        | Reached skill level 5 in Fighting
   100 | D        | Reached skill level 5 in Unarmed Combat
   100 | D        | Reached skill level 5 in Transmutations
   100 | D        | Reached XP level 5. HP: 49/49 MP: 3/10
   104 | D        | Learned a level 2 spell: Sticks to Snakes
   108 | D        | Learned a level 3 spell: Spider Form
   113 | D        | Learned a level 4 spell: Ice Form
   284 | D        | Reached skill level 5 in Dodging
   291 | D        | Reached ** piety under Sif Muna
   632 | D        | Noticed a phantom
   641 | D        | Killed a phantom
   641 | D        | Reached skill level 6 in Fighting
   641 | D        | Reached skill level 1 in Ice Magic
   641 | D        | Reached skill level 1 in Poison Magic
   641 | D        | Reached XP level 6. HP: 58/58 MP: 7/12
   643 | D        | Noticed a hungry ghost
   654 | D        | Killed a hungry ghost
   658 | D        | Reached *** piety under Sif Muna
   660 | D        | Reached skill level 7 in Fighting
   672 | D        | Your scales start taking on a glossy black colour.
   672 | D        | Reached XP level 7. HP: 54/66 MP: 7/13
   672 | D        | Gained mutation: You are resistant to electric shocks. (rElec) [Black Draconian growth]
   775 | D        | Learned a level 5 spell: Blade Hands
   790 | D        | Noticed Urug
   796 | D        | Killed Urug
   796 | D        | Reached **** piety under Sif Muna
   796 | D        | Reached skill level 8 in Fighting
   796 | D        | Reached skill level 5 in Stealth
   796 | D        | Reached skill level 5 in Spellcasting
   796 | D        | Reached XP level 8. HP: 63/74 MP: 9/15
  1007 | D        | Noticed a death yak
  1018 | D        | Killed a death yak
  1018 | D        | Reached ***** piety under Sif Muna
  1018 | D        | Identified Sif Muna's Hermeneutics, Part Two (Sif Muna gifted it to you in the Dungeon)
  1018 | D        | Received a gift from Sif Muna
  1018 | D        | Reached skill level 9 in Fighting
  1022 | D        | Reached XP level 9. HP: 31/84 MP: 8/17
  1025 | D        | Reached skill level 5 in Poison Magic
  1031 | D        | Reached skill level 5 in Ice Magic
  1338 | D        | Noticed a death yak
  1339 | D        | Noticed Erolcha
  1349 | D        | Killed a death yak
  1349 | D        | Reached skill level 10 in Fighting
  1447 | D        | Killed Erolcha
  1447 | D        | Reached skill level 10 in Unarmed Combat
  1447 | D        | Reached skill level 10 in Transmutations
  1454 | D        | Noticed a guardian mummy
  1459 | D        | Killed a guardian mummy
  1459 | D        | Identified Kiopamaopn's Incunabulum of Blows and Bruises (Sif Muna gifted it to you in the Dungeon)
  1459 | D        | Received a gift from Sif Muna
  1459 | D        | Reached XP level 10. HP: 63/94 MP: 14/20
  1715 | D        | Reached skill level 11 in Fighting
  1727 | D        | Noticed a molten gargoyle
  1735 | D        | HP: 4/96 [wight/spear (9)]
  1735 | D        | Slain by a wight

Vault maps used:
D:        pitsprint

Skill      XL: |  1  2  3  4  5  6  7  8  9 10 |
---------------+-------------------------------+-----
Dodging        | 4 5 6 7 8 9 |  9.7
Fighting       | 4 5 6 7 8 9 10 11 | 11.2
Stealth        | 2 3 4 5 6 7 |  7.3
Unarmed Combat | 4 5 6 7 8 9 10 | 10.8
Spellcasting   | 3 4 5 6 7 |  7.1
Transmutations | 4 5 6 7 9 10 | 10.5
Ice Magic      | 1 2 3 4 5 6 |  6.4
Poison Magic   | 1 2 4 5 6 |  6.4

Action                   |  1- 3 |  4- 6 |  7- 9 | 10-12 || total
-------------------------+-------+-------+-------+-------++-------
Melee: Unarmed           |     8 |    49 |    43 |    35 ||   135
       Kick              |     2 |       |       |       ||     2
       Headbutt          |     2 |       |       |       ||     2
       Tailslap          |     1 |       |     4 |     1 ||     6
       Punch             |       |       |       |     1 ||     1
 Cast: Beastly Appendage |     2 |       |       |       ||     2
       Spider Form       |       |     2 |       |       ||     2
       Ice Form          |       |     2 |       |       ||     2
       Blade Hands       |       |       |     5 |     3 ||     8
       Sticks to Snakes  |       |       |     1 |     2 ||     3
 Abil: Breathe Lightning |       |       |     2 |     1 ||     3
  Use: Potion            |       |       |     1 |     5 ||     6
 Stab: Sleeping          |     1 |       |     2 |       ||     3
       Distracted        |       |       |     1 |       ||     1
  Eat: Bread ration      |       |       |     1 |       ||     1
       Chunk             |       |       |     1 |     2 ||     3
Armor: Skin              |     3 |     7 |     1 |     5 ||    16
Dodge: Dodged            |     6 |    25 |    21 |    85 ||   137

Table legend:
 A = Spawn XP
 B = Non-spawn XP
 C = Spawn XP percentage of total XP
 D = Spawn monster count
 E = Non-spawn monster count
 F = Spawn count percentage of total count
 G = Total turns spent on level
                    A         B        C        D         E        F      G
               +---------+---------+-------+---------+---------+-------+---------
         Total |       0 |    7204 |   0.0 |       0 |      51 |   0.0 |  1735
               +---------+---------+-------+---------+---------+-------+---------
             D |       0 |    7204 |   0.0 |       0 |      51 |   0.0 |  1735
               +---------+---------+-------+---------+---------+-------+---------
